Map: 2000 Atmospheres LE

Players

Rex

  • Race: Zerg Zerg

Nice - Winner!

  • Race: Protoss Protoss

Event: DreamHack SC2 Masters 2021 Fall

VOD

Have the link to the VOD?

Description

Time

  • Played on: July 28, 2021, 9:34 a.m.
  • Length: 23:10

All games in this series

Show
View Real Time Build Order
Export as new Build Order

Rex Zerg 

Build Orders: Hatch First 

Get SALT Encoding   

  12  0:00  Drone  
  13  0:12  Overlord  
  13  0:16  Drone  
  14  0:30  Drone x2  
  16  0:47  Hatchery  
  15  0:50  Drone  
  15  0:54  Drone  
  17  0:57  Drone  
  18  1:07  Extractor  
  17  1:13  Spawning Pool  
  17  1:16  Drone  
  17  1:19  Drone  
  18  1:28  Drone  
  19  1:38  Drone  
  20  1:46  Hatchery  
  19  1:49  Drone  
  20  1:59  Queen  
  22  2:03  Zergling x2  
  23  2:10  Queen  
  23  2:14  Drone  
  26  2:20  Metabolic Boost  
  26  2:25  Overlord  
  26  2:36  Drone x2  
  28  2:47  Zergling x8  
  32  2:51  Queen  
  34  2:59  Queen  
  34  3:04  Drone  
  34  3:05  Spore Crawler  
  35  3:18  Drone x5  
  39  3:29  Zergling x4  
  39  3:30  Overlord  
  39  3:41  Drone x4  
  41  3:51  Overlord  
  41  3:53  Drone x3  
  43  3:56  Drone  
  43  3:59  Drone x2  
  43  4:02  Drone  
  46  4:07  Drone x3  
  49  4:11  Spore Crawler  
  49  4:14  Drone x2  
  50  4:17  Drone x2  
  51  4:27  Drone  
  51  4:28  Drone x4  
  51  4:30  Spore Crawler  
  54  4:35  Zergling x4  
  56  4:42  Spore Crawler  
  54  4:46  Drone x4  
  56  5:01  Overlord x3  
  56  5:02  Queen  
  56  5:03  Queen  
  56  5:06  Drone  
  57  5:10  Overlord  
  57  5:11  Overlord  
  57  5:19  Lair  
  57  5:20  Drone x5  
  57  5:21  Drone  
  63  5:26  Overlord  
  63  5:27  Zergling x6  
  66  5:32  Drone  
  66  5:34  Drone  
  66  5:35  Roach Warren  
  67  5:40  Drone x4  
  67  5:42  Drone  
  71  5:47  Drone x4  
  71  5:48  Drone  
  76  5:50  Extractor  
  76  5:51  Zergling x4  
  76  5:52  Zergling x2  
  76  5:54  Drone  
  76  5:55  Extractor  
  76  5:56  Extractor  
  77  5:59  Drone  
  77  6:00  Evolution Chamber  
  77  6:02  Spore Crawler  
  75  6:06  Drone x4  
  75  6:07  Drone  
  75  6:09  Drone  
  79  6:13  Drone x3  
  79  6:16  Drone x3  
  82  6:19  Drone  
  82  6:25  Drone  
  84  6:26  Glial Reconstitution  
  84  6:27  Zerg Missile Weapons Level 1  
  84  6:28  Drone  
  84  6:31  Extractor, Drone  
  84  6:32  Extractor, Drone x2  
  86  6:37  Drone x4  
  90  6:43  Overlord  
  90  6:44  Overlord  
  90  6:53  Hatchery, Roach, Baneling Nest  
  90  7:00  Overlord  
  90  7:03  Overseer, Roach x4  
  98  7:10  Roach  
  98  7:11  Roach x3  
  98  7:12  Overlord  
  106  7:16  Overlord  
  106  7:18  Overlord  
  106  7:21  Roach x3  
  111  7:26  Roach  
  111  7:28  Overlord x2  
  113  7:34  Overlord  
  113  7:36  Roach x4  
  121  7:38  Zergling x4  
  121  7:40  Ravager x3  
  126  7:46  Roach x4  
  126  7:50  Ravager x4  
  126  7:51  Zergling x4  
  140  7:55  Zergling x6  
  140  7:58  Ravager x2  
  145  8:00  Zergling x2  
  145  8:01  Zergling x4  
  148  8:06  Zergling x12  
  148  8:08  Centrifical Hooks  
  148  8:10  Zergling x4  
  150  8:19  Overlord x2  
  150  8:22  Drone x4  
  154  8:38  Spore Crawler  
  154  8:39  Drone x2  
  154  8:40  Drone x7  
  162  8:45  Zergling x12, Infestation Pit  
  165  8:51  Overlord  
  165  8:56  Overlord x3  
  165  8:58  Zerg Melee Weapons Level 1  
  165  9:06  Overlord x2  
  165  9:12  Zergling x16  
  165  9:14  Overlord  
  173  9:18  Roach x3  
  173  9:20  Hatchery  
  173  9:23  Roach x2  
  182  9:24  Zergling x2  
  182  9:25  Zergling x2  
  182  9:30  Hive  
  184  9:35  Baneling x13  
  184  9:36  Baneling x4  
  184  9:40  Zergling x12  
  188  9:54  Zergling x2, Roach x3  
  188  9:55  Zergling x8  
  199  10:04  Baneling x7  
  199  10:06  Extractor  
  198  10:11  Baneling x24  
  198  10:12  Baneling x9  
  195  10:14  Drone x3  
  195  10:20  Zergling x4  
  199  10:28  Spine Crawler  
  199  10:29  Spine Crawler x2  
  199  10:30  Spine Crawler x2  
  199  10:31  Drone x2  
  199  10:32  Drone  
  199  10:33  Spine Crawler  
  199  10:34  Drone  
  199  10:35  Spine Crawler  
  196  10:38  Drone x3  
  199  10:47  Ultralisk Cavern  
  198  10:56  Zerg Melee Weapons Level 2  
  189  11:14  Viper x2  
  189  11:22  Zergling x24  
  190  11:34  Chitinous Plating  
  190  11:35  Ultralisk  
  190  11:36  Zergling x6  
  199  11:41  Baneling  
  199  11:42  Baneling x24  
  199  11:56  Baneling x2  
  199  11:57  Baneling x8, Spine Crawler x2  
  199  11:58  Spine Crawler x2  
  199  12:00  Spine Crawler  
  199  12:01  Spine Crawler  
  187  12:28  Zergling x48  
  186  12:31  Zergling x2  
  186  12:32  Zergling x10  
  188  12:38  Zergling x2  
  174  12:45  Zergling x8  
  166  12:51  Drone  
  166  12:52  Drone x3  
  166  12:54  Anabolic Synthesis  
  166  12:55  Drone  
  160  12:59  Drone  
  160  13:05  Ravager  
  155  13:06  Zergling x8  
  155  13:10  Zergling x2  
  154  13:23  Viper x2  
  160  13:27  Ultralisk x3  
  160  13:28  Zergling x12  
  160  13:32  Zerg Melee Weapons Level 3  
  183  13:35  Drone x5  
  188  13:42  Baneling, Drone x4  
  188  13:43  Baneling x8  
  188  13:44  Baneling  
  188  13:45  Baneling  
  188  13:46  Drone  
  193  13:51  Drone x3  
  194  13:55  Drone  
  194  13:56  Drone x3  
  194  14:00  Evolution Chamber  
  197  14:03  Baneling x8  
  193  14:12  Zergling x16  
  193  14:17  Spire  
  198  14:26  Zergling x2  
  198  14:29  Baneling x2  
  193  14:43  Zergling x2  
  193  14:44  Zergling x20  
  192  14:47  Zergling x8  
  190  14:56  Zergling x24  
  190  14:58  Zergling x6  
  195  15:02  Zergling x8  
  195  15:03  Swarm Host  
  170  15:07  Zergling x4  
  170  15:09  Zergling x2  
  165  15:15  Drone  
  165  15:20  Zergling x14  
  168  15:23  Ravager  
  168  15:24  Ravager x4  
  168  15:25  Zergling x2  
  168  15:26  Baneling x23  
  174  15:31  Greater Spire  
  174  15:41  Zergling x18  
  183  15:48  Zergling x2  
  183  15:49  Zergling x4  
  186  15:56  Zergling x2  
  186  15:57  Zergling x8  
  178  15:58  Zergling x2  
  178  15:59  Zergling x2  
  178  16:00  Zergling x2  
  171  16:05  Zergling x2  
  172  16:14  Ultralisk x2  
  172  16:17  Extractor  
  183  16:18  Hatchery  
  183  16:19  Baneling x8  
  183  16:23  Zergling x16  
  187  16:41  Corruptor x4  
  187  16:44  Drone x2  
  187  16:45  Drone x3  
  200  16:47  Extractor  
  187  17:11  Zergling x22  
  187  17:14  Zergling x4  
  198  17:16  Brood Lord  
  198  17:20  Hatchery  
  198  17:21  Brood Lord  
  198  17:22  Brood Lord  
  197  17:26  Zergling x4  
  197  17:29  Zergling x2  
  157  17:38  Zergling x10  
  157  17:41  Zergling x2  
  134  17:46  Brood Lord  
  134  17:47  Zergling x2  
  119  17:52  Zergling x4  
  121  18:04  Zergling x6  
  122  18:06  Roach  
  122  18:08  Roach  
  122  18:11  Baneling x4  
  128  18:13  Roach  
  128  18:15  Baneling x5  
  127  18:21  Roach  
  127  18:22  Roach  
  127  18:24  Zergling x2  
  122  18:30  Roach x2  
  126  18:37  Roach  
  126  18:38  Roach  
  130  18:42  Ravager  
  130  18:43  Roach  
  130  18:46  Roach  
  135  18:49  Roach  
  135  18:52  Roach  
  135  18:55  Hatchery  
  138  18:56  Roach  
  138  19:01  Roach x2  
  140  19:10  Roach  
  140  19:14  Zergling x4  
  140  19:18  Ravager  
  140  19:20  Baneling x4  
  140  19:21  Zergling x4  
  135  19:25  Zergling x2  
  135  19:29  Zergling x2  
  129  19:34  Zergling x2  
  129  19:38  Zergling x2  
  106  19:40  Zergling x2  
  106  19:42  Queen x2  
  106  19:43  Roach  
  106  19:44  Roach  
  98  19:48  Queen  
  98  19:49  Roach  
  88  19:53  Roach x6  
  88  19:54  Roach  
  88  19:55  Baneling  
  88  19:59  Roach  
  104  20:03  Roach  
  104  20:04  Roach  
  107  20:07  Roach x2  
  107  20:11  Roach  
  107  20:15  Roach  
  107  20:16  Roach x2  
  107  20:17  Queen  
  103  20:22  Roach  
  103  20:25  Roach  
  103  20:27  Roach  
  107  20:33  Zergling x2, Roach  
  107  20:34  Zergling x6  
  109  20:41  Roach  
  109  20:42  Zergling x4  
  106  20:44  Zergling x2  
  106  20:46  Roach  
  107  20:54  Zergling x2  
  102  20:59  Zergling x6  
  102  21:00  Roach  
  102  21:03  Zergling x8  
  110  21:10  Zergling x2  
  110  21:11  Zergling x4  
  98  21:14  Zergling x2  
  96  21:19  Zergling x4  
  96  21:21  Baneling x2  
  96  21:25  Roach x2  
  102  21:31  Roach  
  104  21:39  Zergling x2, Roach  
  109  21:40  Zergling x4  
  109  21:43  Zergling x4  
  100  21:51  Roach  
  95  21:59  Zergling x2  
  92  22:07  Ravager  
  84  22:16  Ravager  
  77  22:33  Zergling x2  
  77  22:34  Zergling x2  
Show
View Real Time Build Order
Export as new Build Order

Nice Protoss - Winner!

Build Orders: 1 Gate Expand, Oracle Opening 

Get SALT Encoding   

  12  0:01  Probe  
  13  0:13  Probe  
  14  0:20  Pylon  
  14  0:25  Probe  
  14  0:28  Assimilator  
  15  0:38  Probe (Chrono Boost)  
  16  0:43  Gateway  
  17  0:50  Probe (Chrono Boost)  
  17  0:56  Probe (Chrono Boost)  
  18  1:04  Probe  
  19  1:16  Probe  
  20  1:23  Nexus  
  20  1:33  Cybernetics Core  
  20  1:40  Probe  
  20  1:41  Assimilator  
  21  1:52  Probe  
  22  1:57  Pylon  
  22  2:05  Probe  
  23  2:13  Adept (Chrono Boost)  
  25  2:16  Stargate  
  25  2:18  Probe  
  26  2:24  Warp Gate (Chrono Boost)  
  26  2:30  Probe  
  26  2:33  Adept (Chrono Boost)  
  29  2:39  Probe  
  29  2:42  Probe  
  29  2:43  Pylon  
  30  2:55  Adept, Probe  
  30  2:56  Probe  
  34  2:58  Oracle (Chrono Boost)  
  37  3:10  Gateway  
  37  3:14  Probe  
  38  3:21  Probe  
  38  3:26  Probe  
  40  3:31  Oracle (Chrono Boost)  
  40  3:33  Probe  
  44  3:38  Probe  
  44  3:40  Shield Battery  
  43  3:45  Gateway, Probe  
  42  3:48  Pylon  
  42  3:51  Probe  
  41  3:57  Probe  
  42  4:03  Oracle (Chrono Boost)  
  42  4:05  Gateway  
  42  4:08  Adept x2  
  42  4:09  Probe  
  51  4:10  Probe  
  51  4:16  Assimilator  
  51  4:22  Probe x2  
  53  4:30  Pylon  
  53  4:31  Assimilator  
  53  4:34  Probe  
  54  4:48  Probe x2  
  54  4:52  Adept x2, Phoenix (Chrono Boost)  
  58  5:00  Probe x2  
  60  5:12  Probe x2  
  60  5:13  Nexus  
  62  5:16  Pylon  
  62  5:19  Pylon  
  62  5:24  Pylon  
  62  5:28  Pylon  
  62  5:34  Probe x2  
  64  5:36  Adept x3  
  70  5:46  Probe x2  
  70  5:47  Pylon  
  70  5:49  Forge, Twilight Council  
  72  5:54  Shield Battery  
  72  5:58  Pylon, Probe x2  
  72  5:59  Robotics Facility  
  72  6:01  Protoss Ground Weapons Level 1 (Chrono Boost)  
  74  6:10  Sentry x3, Probe x2  
  76  6:11  Blink (Chrono Boost)  
  76  6:14  Pylon  
  76  6:22  Probe x2  
  76  6:25  Probe  
  79  6:33  Gateway x2  
  79  6:34  Probe x2  
  79  6:35  Sentry x3  
  79  6:37  Probe  
  88  6:46  Probe  
  88  6:47  Observer (Chrono Boost)  
  90  6:49  Gateway  
  90  6:52  Gateway  
  90  6:53  Gateway  
  90  6:55  Gateway  
  90  7:01  Warp Prism (Chrono Boost)  
  90  7:04  Sentry x2  
  90  7:05  Stalker  
  98  7:10  Photon Cannon  
  98  7:13  Pylon  
  98  7:15  Assimilator  
  98  7:18  Assimilator  
  98  7:28  Pylon  
  98  7:31  Stalker x3  
  98  7:32  Stalker x2  
  108  7:42  Pylon  
  108  7:44  Pylon  
  108  7:56  Pylon, Stalker  
  108  7:57  Stalker x5  
  120  7:58  Stalker  
  120  7:59  Stalker  
  124  8:14  Robotics Bay  
  124  8:19  Photon Cannon  
  124  8:20  Charge, Photon Cannon  
  124  8:21  Protoss Ground Weapons Level 2 (Chrono Boost)  
  124  8:29  Photon Cannon  
  124  8:32  Shield Battery  
  124  8:34  Photon Cannon  
  123  8:56  Robotics Facility, Stalker x5  
  123  8:57  Pylon, Stalker x2  
  135  9:09  Shield Battery  
  135  9:10  Pylon, Colossus (Chrono Boost)  
  141  9:22  Zealot  
  143  9:25  Dark Shrine  
  143  9:27  Pylon  
  140  9:44  Colossus (Chrono Boost)  
  140  9:45  Nexus  
  140  9:48  Pylon  
  140  9:51  Pylon  
  140  9:52  Colossus (Chrono Boost)  
  150  10:00  Zealot  
  150  10:03  Probe x3  
  150  10:04  Zealot x3  
  150  10:05  Zealot  
  163  10:25  Photon Cannon  
  163  10:26  Shield Battery, Colossus (Chrono Boost)  
  169  10:31  Shield Battery  
  169  10:35  Colossus (Chrono Boost)  
  175  10:46  Dark Templar x4  
  175  10:48  Dark Templar  
  185  10:50  Archon  
  185  10:51  Archon  
  185  10:57  Dark Templar  
  185  10:58  Protoss Shields Level 1 (Chrono Boost)  
  185  11:01  Probe x4  
  185  11:03  Assimilator  
  191  11:05  Assimilator, Archon  
  191  11:16  Observer  
  190  11:37  Gravitic Drive (Chrono Boost)  
  190  11:43  Templar Archives  
  190  11:44  Photon Cannon  
  190  11:46  Photon Cannon  
  190  11:47  Pylon  
  190  11:50  Photon Cannon x2  
  190  12:07  Zealot x5  
  142  12:35  Zealot x6  
  142  12:36  Zealot x3, Immortal (Chrono Boost)  
  142  12:37  Immortal (Chrono Boost)  
  130  12:40  Psionic Storm  
  118  12:54  Protoss Ground Weapons Level 3  
  118  12:55  High Templar  
  118  12:56  High Templar x4  
  118  12:57  High Templar x2  
  132  13:02  Archon  
  132  13:04  Archon  
  114  13:05  High Templar  
  114  13:06  Zealot  
  114  13:10  Immortal (Chrono Boost)  
  114  13:11  Immortal (Chrono Boost)  
  126  13:38  Gateway  
  126  13:41  Pylon, High Templar x2, Zealot x4  
  130  13:42  Zealot x3  
  130  13:43  Gateway  
  130  13:46  Archon  
  130  13:48  Immortal (Chrono Boost)  
  148  13:54  Immortal (Chrono Boost)  
  150  14:09  Zealot x3  
  152  14:12  High Templar x2  
  152  14:13  Zealot x4  
  163  14:17  Photon Cannon  
  163  14:18  Shield Battery, Archon  
  163  14:22  Pylon  
  147  14:49  Zealot x5  
  147  14:50  Zealot x4  
  157  14:59  Archon  
  134  15:01  Immortal (Chrono Boost)  
  134  15:02  Immortal (Chrono Boost)  
  104  15:16  High Templar  
  104  15:20  High Templar x3  
  106  15:27  Archon  
  106  15:28  High Templar, Archon  
  106  15:29  High Templar x3  
  106  15:33  Archon, Immortal x2 (Chrono Boost)  
  106  15:35  Archon  
  122  15:45  High Templar  
  122  15:48  High Templar  
  126  15:53  Archon  
  119  16:01  Zealot x6  
  119  16:02  Zealot  
  128  16:18  High Templar  
  130  16:19  Observer  
  130  16:21  High Templar x3  
  136  16:35  Shield Battery  
  136  16:38  Photon Cannon  
  136  16:40  Pylon  
  136  16:44  High Templar x2  
  140  16:49  Archon  
  140  17:08  High Templar x2, Zealot x3  
  140  17:09  Zealot x2  
  140  17:12  Archon  
  136  17:24  Nexus  
  136  17:25  Pylon  
  136  17:35  Archon  
  136  17:36  Archon  
  120  17:42  Zealot x5  
  120  17:43  Zealot x4  
  79  18:03  Stalker  
  79  18:04  Stalker x2  
  79  18:05  Stalker x4  
  91  18:08  High Templar x2  
  91  18:12  Archon  
  85  18:27  High Templar x3  
  85  18:28  High Templar  
  85  18:32  Stalker  
  85  18:33  Stalker x2  
  95  18:49  Stalker x2  
  95  18:53  Stalker x2  
  95  18:54  Stalker x3  
  109  18:58  Stalker  
  109  18:59  Stalker  
  99  19:17  Stalker x3  
  95  19:31  Observer  
  95  19:33  Archon  
  83  19:41  Stalker x3  
  83  19:42  Stalker, Zealot  
  73  19:55  Zealot x4  
  81  20:06  Zealot x3  
  86  20:30  High Templar x2  
  86  20:31  Zealot x6  
  102  20:37  Archon  
  98  20:58  Stalker x3  
  98  20:59  Stalker x3  
  110  21:05  Zealot x2  
  114  21:13  Zealot  
  116  21:21  High Templar  
  116  21:22  High Templar  
  120  21:26  Archon, Zealot x3  
  118  21:58  Stalker x4  
  118  21:59  Stalker x2  
  124  22:21  High Templar x2  
  126  22:26  Archon  
  112  22:53  Nexus  
  112  22:56  Pylon  

Tags
 
Add a new tag
Caveats
  • Supply blocks, unpowered buildings, or Contaminate may cause inaccurate times.
  • Supply counts are checked every 10 seconds.